 Dungeon Crawl Stone Soup version 0.28-a0-1143-gcf6077d4cc (webtiles) character file.

Game seed: 18277812337958769612

40 spaghetti the Sneak (level 3, 0/15 HPs)
             Began as a Felid Artificer on Dec 14, 2021.
             Succumbed to an adder's poison
             ... on level 2 of the Dungeon.
             The game lasted 00:04:14 (1472 turns).

spaghetti the Sneak (Felid Artificer)               Turns: 1472, Time: 00:04:15

Health: 0/15       AC:  5    Str:  8    XL:     3   Next: 30%
Magic:  4/4        EV: 18    Int: 14    God:
Gold:   30         SH:  0    Dex: 16    Spells: 2/2 levels left
                                        Lives:  0   Deaths: 0

rFire   . . .      SeeInvis +   (weapon unavailable)
rCold   . . .      Faith    .   (shield unavailable)
rNeg    . . .      Spirit   .   (armour unavailable)
rPois   .          Reflect  .   (helmet unavailable)
rElec   .          Harm     .   (cloak unavailable)
rCorr   .          Rampage  .   (gloves unavailable)
Will    .....                   (boots unavailable)
Stlth   +++.......              (no amulet)
HPRegen 0.05/turn               f - +4 ring of protection
MPRegen 0.09/turn               (no ring)

@: lethally poisoned (0 -> -1), quick
A: very small, claws 1, fangs 3, see invisible, speed 1, shaggy fur 1, stealthy
paws, no weapons or thrown items, no armour, multi-lived
a: no special abilities


You were on level 2 of the Dungeon.
You visited 1 branch of the dungeon, and saw 3 of its levels.

You collected 30 gold pieces.


Innate Abilities, Weirdness & Mutations

You have sharp claws.
You have razor-sharp teeth.
You have supernaturally acute eyesight. (SInv)
You cover ground quickly. (Speed+)
You are covered in fur. (AC +1)
Your paws help you pounce on unaware monsters.
You are incapable of wielding weapons or throwing items.
You cannot wear armour.
You gain extra lives every three experience levels.


   Skills:
 - Level 1.0 Fighting
 - Level 3.2 Dodging
 + Level 4.8 Stealth
 - Level 3.2 Evocations


You had 2 spell levels left.
You didn't know any spells.
Your spell library contained the following spells:

 Spells                   Type           Power      Damage    Failure   Level
 Inner Flame              Hex/Fire       0%         N/A       65%         3
 Summon Guardian Golem    Hex/Summ       0%         N/A       65%         3
 Tukima's Dance           Hex            0%         N/A       65%         3
 Cause Fear               Hex            0%         N/A       96%         4
 Passage of Golubria      Tloc           0%         N/A       96%         4
 Yara's Violent Unravell  Hex/Tmut       0%         3d3       100%        5
 Orb of Destruction       Conj           0%         N/A       100%        7
 Spellforged Servitor     Conj/Summ      0%         N/A       100%        7
 Discord                  Hex            0%         N/A       100%        8

Inventory:

Jewellery
 f - a +4 ring of protection (left paw)
   (You found it on level 1 of the Dungeon)
Wands
 a - a wand of flame (12) (quivered)
 b - a wand of charming (14)
Scrolls
 d - a scroll of vulnerability {unknown}
 e - a scroll of identify {unknown}
Miscellaneous
 c - a piece from Xom's chessboard (13/15)

Dungeon Overview and Level Annotations

Branches:
Dungeon (3/15)

Altars:
Wu Jian

Shops:
D:1

= .####. ### .....#
#..........# #..
#.#.#...##.##### #...
#.#.#...##.....# #...
#.#.#...##..##.#
#.#..#.#.#...##.K##.#
##....#.#.#.......##†#
.......@....#.##K###.#
.......>...<.....# #K#
##.##.#.....####.# #.#
.........<...##.#
#.###
###.#.#......#.####
#.... .....#......#.#
##### ..$..##.....# #
##..#....###
######..##.####


There were no monsters in sight!


Message History

You take 1 damage, and now have 7/12 hp.
You closely miss the adder. You bite the adder. The adder bites you.
* * * LOW HITPOINT WARNING * * *
The adder completely misses you. 😨 HP[-2]
You take 2 damage, and now have 5/12 hp.
You miss the adder.
The adder bites you but does no damage. 😨 HP[+1]
Aiming: Throw Flame
Press: ? - help, Shift-Dir - straight line, f - adder
Aim: an adder (lightly wounded, 53% to hit)
The puff of flame hits the adder!
The adder completely misses you.
Aiming: Throw Flame
Press: ? - help, Shift-Dir - straight line, f/p - adder
Aim: an adder (almost dead, 53% to hit)
The puff of flame hits the adder.
You kill the adder!
You have reached level 3!
Your experience leads to an increase in your attributes!
Increase (S)trength, (I)ntelligence, or (D)exterity?
You feel clever. x2 😨 HP[+1] MP[+1]
You now have 15 max hp (+3).
Your mp is fully restored (4).
You start resting. 😎 HP[+8]
Your hp is fully restored (15).
You climb downwards.
The adder barely misses you. x2
There is a stone staircase leading up here.
You scratch the adder. The adder closely misses you.
The adder barely misses you.
You closely miss the adder. You bite the adder.
The adder completely misses you.
You miss the adder. The adder closely misses you.
You scratch the adder but do no damage. Your bite misses the adder.
The adder barely misses you. The adder bites you but does no damage.
You scratch the adder but do no damage. The adder bites you. 😕 HP[-3]
You take 3 damage, and now have 12/15 hp.
You scratch the adder. The adder completely misses you.
You scratch the adder but do no damage. The adder barely misses you.
You barely miss the adder. The adder closely misses you.
The adder barely misses you.
You scratch the adder. Your bite misses the adder. The adder misses you.
You scratch the adder. The adder misses you.
You scratch the adder. The adder misses you. x2
You scratch the adder. The adder bites you. 😮 HP[-3]
You take 3 damage, and now have 9/15 hp.
You scratch the adder but do no damage. The adder misses you.
You closely miss the adder. Your bite misses the adder. The adder bites you.
* * * LOW HITPOINT WARNING * * *
You are lethally poisoned!
The adder poisons you!
The adder completely misses you. 😨 HP[-3]
You take 3 damage, and now have 6/15 hp.
You are lethally poisoned (6 -> 0).
Your movement speed is quick.
Your attack delay is about 1.0.
You aren't carrying any potions.
Aiming: Throw Flame
Press: ? - help, Shift-Dir - straight line, f - adder
Aim: an adder (almost dead, 53% to hit)
The puff of flame hits the adder.
You kill the adder!
* * * LOW HITPOINT WARNING * * *
You feel sick.
Your piece from Xom's chessboard (13/15) has regained one charge. 😨 HP[-2]
You take 2 damage, and now have 4/15 hp.
Unknown command.
You are lethally poisoned (4 -> 0).
Your movement speed is quick.
Your attack delay is about 1.0.
You aren't carrying any potions.
Okay, then.
You can't see anything.
Try to make a move anyway?
Okay, then.
* * * LOW HITPOINT WARNING * * *
You feel sick. 😱 HP[-1]
You take 1 damage, and now have 3/15 hp.
* * * LOW HITPOINT WARNING * * *
You feel sick. 😱 HP[-1]
You take 1 damage, and now have 2/15 hp. 😱 HP[+1]
* * * LOW HITPOINT WARNING * * *
You feel sick. 😱 HP[-1]
You take 1 damage, and now have 2/15 hp.
* * * LOW HITPOINT WARNING * * *
You feel sick.
You see here Great Wizards, Vol.
VII. 😱 HP[-1]
You take 1 damage, and now have 1/15 hp.
(D) Dungeon
Where to? (? - help)
Okay, then.
Okay, then.
You pick up Great Wizards, Vol.
VII and begin reading...
You add the spells Tukima's Dance, Passage of Golubria and Yara's Violent Unravelling to your library.
You die...

Skill      XL: |  1  2 |
---------------+-------+-----
Stealth        | 3 4 |  4.8
Fighting       | |  1.0
Dodging        | |  3.2
Evocations     | |  3.2

Action                   || total
-------------------------++-------
Melee: Unarmed           ||    87
       Bite              ||    10
Evoke: Wand              ||     4
       Piece from Xom's  ||     3
 Stab: Sleeping          ||     6
Armor: Skin              ||    11
Dodge: Dodged            ||    93

Levels and vault maps discovered:
D:1:      dpeg_arrival_rooms_with_view, layout_loops_corners,
          hellmonk_ecumenical_altar_arch_garden, minmay_crystal_water,
          nicolae_shop_unique_rings, kennysheep_flooded_box
D:2:      layout_basic, chequers_serial_rivers_small_b
D:3:      layout_loops_ring, serial_shops, shop, chequers_serial_rivers_micro_b,
          uniq_sigmund, uniq_terence

Notes
Turn   | Place    | Note
-------+----------+-------------------------------------------
     0 | D:1      | spaghetti the Felid Artificer began the quest for the Orb.
     0 | D:1      | Reached XP level 1. HP: 9/9 MP: 2/2
     0 | D:1      | magus.rc [v1.9.6]
   146 | D:1      | Reached skill level 2 in Stealth
   286 | D:1      | Found a faded altar of an unknown god.
   520 | D:1      | Reached skill level 3 in Stealth
   520 | D:1      | Reached XP level 2. HP: 12/12 MP: 3/3
   627 | D:1      | You pick up a book of Dangerous Friends and begin
                  | reading...
   627 | D:1      | You add the spells Summon Guardian Golem, Orb of
                  | Destruction and Spellforged Servitor to your library.
   699 | D:1      | You pick up a book of Hexes and begin reading...
   699 | D:1      | You add the spells Inner Flame, Cause Fear and Discord to
                  | your library.
   822 | D:1      | Found Urohobad's One-of-a-Kind Rings.
   877 | D:1      | Found an ornate altar of the Wu Jian Council.
  1134 | D:2      | Reached skill level 4 in Stealth
  1302 | D:1      | Reached XP level 3. HP: 7/15 MP: 4/4
  1467 | D:2      | HP: 3/15 [poisoned by an adder]
  1471 | D:2      | HP: 1/15 [poisoned by an adder]
  1472 | D:2      | You add the spells Tukima's Dance, Passage of Golubria and
                  | Yara's Violent Unravelling to your library.
  1472 | D:2      | Succumbed to an adder's poison

Vanquished Creatures
  2 adders
  A dart slug (D:1)
  2 giant cockroaches
  3 goblins (D:1)
  3 hobgoblins (D:1)
  3 kobolds
  2 ball pythons (D:1)
  A frilled lizard (D:1)
  4 rats (D:1)
21 creatures vanquished.

Vanquished Creatures (others)
  A kobold (D:2)
1 creature vanquished.

Grand Total: 22 creatures vanquished

Table legend:
 A = Non-vault XP
 B = Vault XP
 C = Vault XP percentage of total XP
 D = Non-vault monster count
 E = Vault monster count
 F = Vault count percentage of total count
                 A         B        C        D         E       F
            +---------+---------+-------+---------+---------+-------
      Total |      56 |       2 |   3.4 |      19 |       2 |   9.5
            +---------+---------+-------+---------+---------+-------
        D:1 |      38 |       2 |   5.0 |      16 |       2 |  11.1
        D:2 |      18 |       0 |   0.0 |       3 |       0 |   0.0
            +---------+---------+-------+---------+---------+-------

Illustrated notes

Table legend:
 A = Kills in this place as a percentage of kills in entire the game.
 B = Kills by you in this place as a percentage of kills by you in the entire game.
 C = Kills by friends in this place as a percentage of kills by friends in the entire game.
 D = Other kills in this place as a percentage of other kills in the entire game.
 E = Experience gained in this place as a percentage of experience gained in the entire game.
 F = Experience gained in this place divided by the number of levels of this place that you have seen.
                   A       B       C       D       E      F
               +-------+-------+-------+-------+-------+----------------------
         Total | 100.0 | 100.0 |   N/A |   N/A | 100.0 |  19.3
       Dungeon | 100.0 | 100.0 |   N/A |   N/A | 100.0 |  19.3
               +-------+-------+-------+-------+-------+----------------------

Table legend: (Time is in decaauts)
 A = Elapsed time spent in this place.
 B = Non-inter-level travel time spent in this place.
 C = Inter-level travel time spent in this place.
 D = Time resting spent in this place.
 E = Time spent auto-exploring this place.
 F = Levels seen in this place.
 G = Mean time per level.
                   A        B        C        D        E       F      G
               +--------+--------+--------+--------+--------+-----+--------+
         Total |   1343 |   1343 |      0 |    666 |    400 |   3 |  447.7 |
       Dungeon |   1343 |   1343 |      0 |    666 |    400 |   3 |  447.7 |
               +--------+--------+--------+--------+--------+-----+--------+

Top non-repeatable levels by time:
     D:1: 1131 daAuts
     D:3: 115 daAuts
     D:2: 96 daAuts
